Map: Disco Bloodbath LE

Players

MaSa

  • Race: Terran Terran
  • Spawn Location: 9:00

SortOf - Winner!

  • Race: Zerg Zerg
  • Spawn Location: 3:00

VOD

Have the link to the VOD?

Description

Time

  • Played on: Sept. 6, 2019, 8:30 p.m.
  • Length: 14:19
Show
View Real Time Build Order
Export as new Build Order

MaSa Terran 

Build Orders: Mech 

Get SALT Encoding   

  12  0:00  SCV  
  13  0:12  SCV  
  14  0:17  Supply Depot  
  14  0:24  SCV  
  15  0:39  SCV  
  16  0:43  Barracks  
  16  0:46  Refinery  
  16  0:51  SCV  
  17  1:02  Barracks  
  17  1:06  SCV  
  18  1:18  SCV  
  19  1:27  Refinery  
  19  1:30  Reaper  
  20  1:32  Orbital Command  
  20  1:44  Supply Depot  
  20  1:49  Reaper  
  21  1:59  SCV  
  22  2:02  Reaper  
  22  2:05  Bunker  
  23  2:11  SCV  
  24  2:21  Reaper  
  25  2:23  SCV  
  26  2:35  SCV  
  26  2:40  Factory  
  26  2:43  Reaper  
  27  2:47  SCV  
  28  2:51  Supply Depot  
  29  3:03  SCV  
  29  3:05  Command Center  
  29  3:15  SCV  
  30  3:26  Factory Reactor  
  29  3:28  SCV  
  30  3:34  Starport  
  30  3:40  SCV  
  31  3:52  SCV  
  32  4:04  SCV, Hellion x2  
  37  4:15  Viking  
  37  4:16  SCV  
  40  4:18  Orbital Command  
  40  4:27  Hellion x2, Fusion Core  
  40  4:30  SCV  
  45  4:35  Fusion Core  
  44  4:42  SCV  
  44  4:43  Orbital Command  
  45  4:47  Starport Tech Lab  
  45  4:49  Hellion x2  
  49  4:54  SCV  
  49  4:57  Supply Depot  
  50  5:02  Refinery  
  50  5:06  SCV  
  51  5:12  Supply Depot  
  51  5:13  SCV  
  52  5:19  SCV  
  53  5:21  Battlecruiser  
  53  5:26  SCV  
  60  5:31  Weapon Refit  
  60  5:33  SCV  
  61  5:39  SCV  
  62  5:45  Supply Depot  
  62  5:48  SCV  
  63  5:51  SCV  
  62  6:00  SCV  
  62  6:03  SCV  
  63  6:12  SCV  
  63  6:15  Command Center  
  63  6:16  SCV, Hellion x2  
  59  6:24  SCV  
  57  6:25  Supply Depot  
  57  6:26  Supply Depot  
  57  6:28  SCV  
  57  6:30  Barracks Tech Lab  
  57  6:31  Factory  
  58  6:35  Refinery  
  58  6:36  SCV, Factory  
  58  6:39  Hellion  
  61  6:40  SCV  
  61  6:41  Supply Depot  
  62  6:50  Battlecruiser  
  62  6:52  SCV  
  69  6:56  SCV  
  70  7:02  Armory, Barracks Tech Lab  
  70  7:04  Armory  
  70  7:05  SCV  
  70  7:08  SCV  
  72  7:15  Hellion x2  
  76  7:17  SCV  
  76  7:20  SCV  
  78  7:25  Siege Tank  
  78  7:26  Siege Tank  
  78  7:27  Orbital Command  
  78  7:29  SCV  
  85  7:32  SCV  
  85  7:37  Hellion  
  88  7:38  Refinery  
  88  7:39  Hellion  
  88  7:41  SCV  
  91  7:44  SCV, Refinery  
  92  7:52  SCV  
  92  7:55  Battlecruiser  
  99  8:00  SCV x2  
  99  8:02  Terran Vehicle Weapons Level 1  
  99  8:05  Orbital Command  
  101  8:09  Hellion x2  
  101  8:12  SCV  
  106  8:15  Supply Depot  
  106  8:16  Supply Depot  
  106  8:20  Engineering Bay  
  106  8:22  SCV, Supply Depot  
  106  8:26  Mag-Field Accelerator, Cyclone  
  110  8:31  SCV  
  110  8:32  SCV  
  112  8:36  SCV  
  112  8:38  Hellion x2  
  112  8:39  Cyclone  
  120  8:45  Barracks Reactor  
  120  8:47  Factory  
  120  8:48  Missile Turret  
  120  8:49  Missile Turret  
  120  8:50  SCV  
  120  8:53  SCV  
  122  8:58  SCV, Cyclone, Factory  
  126  9:04  SCV  
  126  9:05  SCV, Terran Vehicle And Ship Armor Level 1  
  128  9:12  Hellion x2  
  128  9:17  Supply Depot  
  132  9:18  Supply Depot  
  132  9:19  Command Center  
  131  9:26  Battlecruiser  
  131  9:30  SCV x2  
  138  9:33  Supply Depot  
  138  9:38  Cyclone x2  
  141  9:39  Hellion  
  141  9:40  Hellion  
  141  9:44  Hellion x2  
  152  9:45  Factory Tech Lab  
  143  10:01  SCV, Hellion  
  143  10:02  Hellion  
  143  10:06  Cyclone, Hellion x2  
  154  10:15  Terran Ship Weapons Level 1  
  154  10:17  Infernal Pre-Igniter  
  148  10:25  Hellion x3  
  154  10:30  Command Center  
  156  10:35  Battlecruiser  
  156  10:38  Supply Depot  
  156  10:42  SCV  
  157  10:43  Hellion x2  
  157  10:44  Command Center  
  157  10:47  Hellion x2  
  159  10:52  SCV  
  159  10:54  Refinery  
  159  10:56  Refinery  
  163  10:57  Cyclone  
  163  11:08  Cyclone x2  
  169  11:15  Hellion  
  171  11:19  Terran Vehicle And Ship Armor Level 2  
  171  11:29  Cyclone, Hellion  
  172  11:36  SCV  
  172  11:38  SCV x2  
  160  11:40  Cyclone x2  
  160  11:46  Hellion x2  
  145  11:55  SCV  
  145  11:56  Hellion x2  
  145  12:01  Cyclone, Battlecruiser  
  148  12:02  Planetary Fortress  
  148  12:04  SCV  
  148  12:06  SCV  
  149  12:10  Orbital Command  
  149  12:13  Cyclone  
  133  12:25  SCV  
  133  12:27  SCV  
  118  12:31  SCV  
  118  12:32  Hellion x4  
  126  12:37  SCV  
  126  12:38  SCV  
  126  12:40  Cyclone, SCV  
  126  12:43  SCV  
  129  12:49  SCV  
  129  12:50  SCV  
  131  12:52  SCV  
  131  12:55  SCV  
  131  12:56  Orbital Command  
  133  13:01  SCV  
  133  13:02  SCV  
  133  13:04  SCV  
  128  13:14  SCV  
  128  13:17  SCV  
  128  13:18  Cyclone x3  
  128  13:19  SCV  
  124  13:31  SCV  
  116  13:39  SCV  
  116  13:40  Hellion  
  110  13:43  SCV  
  98  13:51  SCV  
  98  13:55  SCV  
  93  14:03  SCV  
  93  14:07  SCV  
Show
View Real Time Build Order
Export as new Build Order

SortOf Zerg - Winner!

Build Orders: Hatch First, Swarm Host 

Get SALT Encoding   

  12  0:00  Drone  
  13  0:13  Overlord  
  13  0:17  Drone  
  14  0:32  Drone x2  
  16  0:47  Hatchery  
  15  0:51  Drone  
  15  0:56  Drone  
  17  0:58  Drone  
  18  1:06  Extractor  
  17  1:14  Spawning Pool  
  17  1:16  Drone  
  17  1:20  Drone  
  18  1:29  Drone  
  20  1:40  Drone  
  20  1:50  Overlord  
  20  2:01  Queen x2  
  20  2:02  Zergling x4  
  26  2:12  Spine Crawler  
  26  2:13  Metabolic Boost  
  26  2:14  Zergling x2  
  26  2:20  Zergling x2  
  27  2:27  Zergling x4  
  28  2:31  Drone  
  28  2:35  Drone  
  29  2:43  Queen  
  31  2:52  Drone  
  31  2:54  Queen  
  31  2:58  Overlord  
  34  3:02  Drone  
  35  3:06  Overlord  
  35  3:23  Zergling x4  
  35  3:26  Drone x4  
  41  3:29  Drone  
  42  3:34  Zergling x2  
  43  3:49  Hatchery, Drone x2  
  43  3:54  Drone x2  
  43  3:55  Pneumatized Carapace  
  46  4:00  Drone  
  47  4:03  Drone  
  47  4:04  Queen, Drone  
  47  4:09  Overlord  
  50  4:10  Overlord  
  50  4:19  Overlord  
  50  4:25  Drone x2  
  50  4:31  Drone x5  
  56  4:37  Zergling x6  
  56  4:38  Drone  
  57  4:39  Lair  
  57  4:43  Drone  
  58  4:49  Queen  
  58  4:50  Drone  
  58  4:51  Extractor  
  58  4:52  Extractor  
  59  4:54  Drone x2  
  61  5:00  Drone  
  61  5:04  Overlord  
  61  5:06  Drone  
  63  5:09  Roach Warren, Queen  
  63  5:10  Drone  
  65  5:14  Drone  
  65  5:15  Drone x2  
  67  5:22  Drone x5  
  67  5:24  Overlord  
  72  5:28  Queen  
  72  5:31  Drone  
  72  5:33  Drone  
  72  5:34  Overlord  
  76  5:37  Spore Crawler  
  76  5:38  Spore Crawler  
  76  5:40  Spore Crawler  
  76  5:41  Drone  
  74  5:43  Drone x2  
  74  5:45  Drone  
  74  5:48  Drone x3  
  80  5:53  Zergling x8  
  80  5:56  Zergling x4  
  83  6:01  Evolution Chamber  
  76  6:04  Evolution Chamber  
  76  6:05  Drone  
  77  6:14  Drone x7  
  80  6:19  Drone x3  
  83  6:28  Glial Reconstitution  
  83  6:30  Extractor  
  83  6:31  Extractor  
  83  6:32  Spore Crawler  
  80  6:34  Drone x5  
  80  6:35  Drone x2  
  87  6:40  Extractor  
  82  6:47  Drone x4  
  82  6:51  Drone x4  
  90  6:57  Overlord  
  90  7:00  Overlord  
  90  7:05  Overlord  
  90  7:06  Evolution Chamber  
  90  7:08  Baneling Nest  
  87  7:11  Infestation Pit  
  87  7:13  Drone x3  
  89  7:17  Drone  
  89  7:21  Roach x4  
  98  7:25  Overseer  
  98  7:26  Overseer  
  98  7:33  Spire  
  97  7:39  Zerg Missile Weapons Level 1  
  97  7:40  Roach x4  
  97  7:41  Overlord  
  97  7:42  Hatchery  
  104  7:45  Overlord  
  104  7:48  Overlord  
  104  7:50  Overlord  
  104  7:53  Overlord  
  101  7:59  Queen  
  101  8:01  Centrifical Hooks  
  101  8:02  Pathogen Glands  
  101  8:03  Overlord  
  102  8:07  Drone x6  
  102  8:11  Drone x3  
  110  8:20  Swarm Host x4, Overlord  
  110  8:22  Swarm Host  
  110  8:25  Overseer  
  125  8:31  Swarm Host  
  125  8:32  Swarm Host x2  
  134  8:40  Spore Crawler  
  133  8:42  Overlord  
  133  8:46  Corruptor x2  
  133  8:47  Overlord  
  137  8:49  Corruptor  
  139  8:58  Corruptor x2  
  139  9:00  Extractor  
  142  9:03  Drone x6, Extractor  
  142  9:07  Spore Crawler  
  142  9:09  Corruptor  
  146  9:14  Ravager x2  
  146  9:15  Drone x2  
  152  9:22  Overlord  
  152  9:23  Corruptor x2  
  154  9:25  Overlord  
  152  9:32  Hive  
  152  9:33  Zergling x12  
  158  9:47  Overlord  
  158  9:50  Corruptor  
  158  9:51  Corruptor x2  
  162  9:54  Corruptor  
  162  9:58  Hatchery  
  162  9:59  Corruptor  
  152  10:01  Drone x5  
  152  10:06  Roach  
  152  10:07  Roach x2  
  165  10:13  Corruptor x2  
  165  10:16  Overlord  
  165  10:17  Drone x2  
  165  10:18  Drone  
  164  10:23  Zerg Missile Weapons Level 2  
  164  10:25  Infestor  
  164  10:26  Evolution Chamber  
  165  10:36  Swarm Host x3  
  165  10:40  Zergling x16  
  182  10:46  Zergling x10  
  182  10:49  Zerg Flyer Weapons Level 1  
  187  10:53  Spire  
  187  10:54  Zerg Melee Weapons Level 1  
  186  11:00  Zergling x12  
  186  11:01  Baneling x3  
  192  11:04  Infestor  
  192  11:08  Overlord x3  
  191  11:14  Baneling x2  
  191  11:17  Overlord  
  187  11:25  Infestor x2  
  186  11:30  Corruptor x2  
  194  11:37  Zergling x2  
  194  11:38  Zergling x20  
  196  11:52  Zergling x16  
  197  11:56  Roach  
  197  11:58  Roach x4  
  195  12:03  Roach x4  
  194  12:18  Roach x3  
  191  12:27  Roach x4  
  196  12:32  Roach  
  196  12:36  Greater Spire  
  190  12:46  Extractor  
  190  12:48  Zergling x2, Roach x8  
  190  12:49  Extractor  
  198  13:10  Ravager  
  199  13:25  Zergling x10  
  199  13:27  Hatchery  
  190  13:36  Corruptor  
  190  13:37  Corruptor x3  
  184  13:44  Corruptor x10  
  195  13:59  Zergling x18  
  195  14:00  Zergling x4  
Tags
 
Add a new tag
Caveats
  • Supply blocks, unpowered buildings, or Contaminate may cause inaccurate times.
  • Supply counts are checked every 10 seconds.